[Event "Team 45 45 League T39"]
[Site "Internet Chess Club"]
[Date "2008.12.14"]
[Round "8"]
[White "AMAV"]
[Black "alin"]
[Result "0-1"]
[WhiteElo "2051"]
[BlackElo "2132"]
[Opening "QGD Slav: 4.e3 Bf5"]
[ECO "D12"]
[Time "15:22:22"]
[TimeControl "2700+45"]

1. d4 Nf6 2. Nf3 d5 3. e3 Bf5 4. c4 c6 5. cxd5 cxd5 6. Bb5+ Nbd7 7. O-O e6 8.
Ne5 a6 9. Ba4 b5 10. Nxd7 Qxd7 11. Bc2 Bxc2 12. Qxc2 Rc8 13. Qe2 Bd6 14. b3 O-O
15. Ba3 b4 16. Bb2 a5 17. a3 Rc6 18. axb4 axb4 19. Nd2 Rc2 20. Rfb1 Ne4 21. Bc1
Qc7 22. Qd3 Bxh2+ 23. Kf1 Rc3 24. Qb5 f5 25. Qxb4 Rc2 26. Ke1 Bd6 27. Qa5 Qxa5
28. Rxa5 Nxd2 29. Bxd2 Rxd2 30. Ra6 Bb4 31. Kf1 Kf7 32. Rb6 Be7 33. b4 Rc8 34.
b5 Rcc2 35. Rb7 Rxf2+ 36. Kg1 Rxg2+ 37. Kh1 Rge2 38. b6 Kf6 39. Ra7 Rb2 40. Raa1
Bd6 41. b7 h5 42. Kg1 h4 43. Kh1 h3 44. Kg1 Rg2+ 45. Kh1 Rh2+ 46. Kg1 Rbg2+
{White resigns} 0-1

[Event "Team 45 45 League T39"]
[Site "Internet Chess Club"]
[Date "2008.12.15"]
[Round "8"]
[White "mitus"]
[Black "Gregorio"]
[Result "0-1"]
[WhiteElo "1922"]
[BlackElo "2059"]
[Opening "Ruy Lopez: closed, 8.c3"]
[ECO "C89"]
[Time "17:31:50"]
[TimeControl "2700+45"]

1. e4 e5 2. Nf3 Nc6 3. Bb5 a6 4. Ba4 Nf6 5. O-O b5 6. Bb3 Be7 7. c3 O-O 8. Re1
Re8 9. h3 Bf8 10. d3 d5 11. Nbd2 dxe4 12. Ng5 Re7 13. Ndxe4 Nxe4 14. Nxe4 h6 15.
Qf3 Qd7 16. Bxh6 Qf5 17. Qg3 Na5 18. Re3 Nxb3 19. axb3 Kh8 20. Rf3 Qe6 21. Be3
Rd7 22. Qh4+ Kg8 23. Ng5 Qg6 24. Re1 Bb7 25. Rg3 Rxd3 26. Nf3 Qe6 27. Rg5 Bxf3
28. gxf3 Be7 29. Qe4 Bxg5 30. Qxa8+ Rd8 31. Qe4 f5 32. Qc2 f4 33. Bc1 Qxh3 34.
Qg6 Bf6 35. Qg4 Qh7 36. Kg2 Kf7 37. Rh1 Qg6 38. Re1 c5 39. Qxg6+ Kxg6 40. Kf1 b4
41. Ke2 bxc3 42. bxc3 Rb8 43. Ba3 Rxb3 44. Bxc5 Rxc3 45. Bd6 Rc2+ 46. Kf1 Kf5
47. Ra1 Rc6 48. Bf8 g5 49. Ra2 Bd8 50. Ke2 a5 51. Kd3 Rb6 52. Ke2 Rb3 53. Bc5
Rc3 54. Ba7 Bc7 55. Ra4 Rc2+ 56. Kd1 Rb2 57. Bc5 g4 58. fxg4+ Kxg4 59. Kc1 Rb5
60. Ba7 Rd5 61. Kc2 Kf3 62. Ra3+ Ke2 63. Ra4 Bd8 64. Re4+ Kf3 65. Ra4 Bh4 66.
Bb6 Bxf2 67. Bxa5 Bd4 68. Ra3+ Ke2 69. Kb3 Rb5+ 70. Kc4 Rb2 {White resigns} 0-1

[Event "Team 45 45 League T39"]
[Site "Internet Chess Club"]
[Date "2008.12.13"]
[Round "8"]
[White "McKnights"]
[Black "mugurelt"]
[Result "1-0"]
[WhiteElo "1773"]
[BlackElo "1661"]
[Opening "Pirc: classical (two knights) system"]
[ECO "B06"]
[Time "00:07:18"]
[TimeControl "2700+45"]

1. e4 g6 2. d4 Bg7 3. Nf3 d6 4. Nc3 Nf6 5. Bd3 O-O 6. Be3 Ng4 7. Bf4 e5 8. dxe5
Nxe5 9. Nxe5 dxe5 10. Be3 Nc6 11. Qd2 Nd4 12. O-O-O c6 13. h4 h5 14. f3 b5 15.
Ne2 c5 16. Bxb5 Be6 17. Bxd4 cxd4 18. b3 Qc7 19. Kb1 a6 20. Ba4 Qc5 21. Rdg1 Kh7
22. g4 Bh6 23. g5 Bg7 24. Nc1 Rfc8 25. Nd3 Qa3 26. Qb4 Bf8 27. Qxa3 Bxa3 28. Rh2
Rc3 29. Nxe5 Rac8 30. Nd3 a5 31. Rd1 R8c7 32. Nb2 Bc5 33. Rd3 Bd6 34. Re2 Bh3
35. Rxc3 Rxc3 36. Nd3 Bf1 37. Rd2 Kg7 38. e5 Ba3 39. Bb5 Bh3 40. Bc4 Kf8 41. Re2
Ke7 42. Re4 Bf5 43. Rxd4 Ke8 44. Rd5 Bxd3 45. Rxd3 Bb4 46. f4 Rxd3 47. Bxd3 Be1
48. f5 Bxh4 49. fxg6 fxg6 50. Bxg6+ Ke7 51. Bxh5 Bxg5 52. Bg4 Bf4 53. e6 Kd6 54.
Kb2 Kc7 55. Ka3 Bd6+ 56. Ka4 Kb6 57. a3 Ka6 58. b4 axb4 59. axb4 Kb6 60. c4 Be7
61. Bf3 Kc7 62. Bd5 Kb6 63. Kb3 Kc7 64. c5 Kb8 65. Kc4 Kc7 66. Kb5 Bd8 67. Ka6
Be7 68. Kb5 Bd8 69. Kc4 Be7 70. b5 Kb8 71. b6 Kc8 72. Kb5 Kb8 73. Kc6 Bf8 74.
Kb5 Be7 75. c6 Kc8 76. c7 Bd6 77. e7 Kd7 78. c8=Q+ {Black resigns} 1-0

[Event "Team 45 45 League T39"]
[Site "Internet Chess Club"]
[Date "2008.12.15"]
[Round "8"]
[White "crag"]
[Black "lmadueno"]
[Result "0-1"]
[WhiteElo "1642"]
[BlackElo "1637"]
[Opening "Philidor: Hanham variation"]
[ECO "C41"]
[Time "20:00:15"]
[TimeControl "2700+45"]

1. e4 e5 2. Nf3 d6 3. d4 Nd7 4. dxe5 dxe5 5. Bc4 c6 6. O-O Be7 7. Be3 Ngf6 8. a3
O-O 9. Nc3 b5 10. Ba2 Qc7 11. Qe2 a5 12. Nd1 Nxe4 13. Re1 Ndf6 14. c3 Re8 15.
Bb1 Nc5 16. Bg5 e4 17. Bxf6 Bxf6 18. Qc2 Bf5 19. Nd2 Nd3 20. Re2 Bg6 21. Nf1 Nf4
22. Re3 Nd5 23. Re2 e3 24. Qc1 Bh5 25. f3 Nf4 26. Rxe3 Ne2+ 27. Rxe2 Rxe2 28.
Nde3 Re8 29. Bd3 R2xe3 30. Nxe3 Bg5 31. Nd5 Qa7+ {White resigns} 0-1

[Event "Team 45 45 League T39"]
[Site "Internet Chess Club"]
[Date "2008.12.14"]
[Round "8"]
[White "Kravier"]
[Black "scar99"]
[Result "1-0"]
[WhiteElo "1562"]
[BlackElo "1635"]
[Opening "Scandinavian defense"]
[ECO "B01"]
[Time "13:00:36"]
[TimeControl "2700+45"]

1. e4 d5 2. exd5 Nf6 3. Nf3 Nxd5 4. d4 c5 5. c4 Nf6 6. d5 e6 7. Nc3 Bd6 8. Bg5
Qe7 9. Bxf6 Qxf6 10. Ne4 Qe7 11. dxe6 Qxe6 12. Ng5 Qe7 13. Qxd6 Nc6 14. Qxe7+
Nxe7 15. Nd6+ Kf8 16. Ngxf7 Rg8 17. Bd3 Be6 18. Ne5 b6 19. O-O-O Rd8 20. Bxh7
Rh8 21. Ng6+ Nxg6 22. Bxg6 Ke7 23. Nb5 Rdf8 24. f3 Bxc4 25. Rhe1+ Kf6 26. Rd6+
Kg5 27. Re5+ {Black resigns} 1-0

[Event "Team 45 45 League T39"]
[Site "Internet Chess Club"]
[Date "2008.12.14"]
[Round "8"]
[White "houseofcook"]
[Black "betto2506"]
[Result "1/2-1/2"]
[WhiteElo "1421"]
[BlackElo "1451"]
[Opening "Sicilian defense"]
[ECO "B30"]
[Time "12:00:06"]
[TimeControl "2700+45"]

1. e4 c5 2. Nf3 Nc6 3. d3 d6 4. g3 g6 5. Bg2 Bg7 6. O-O Nf6 7. Nbd2 Nd7 8. Rb1
Nde5 9. Nxe5 Bxe5 10. c3 Be6 11. Ra1 O-O 12. Nf3 Bg7 13. Ng5 h5 14. Nxe6 fxe6
15. Bh3 e5 16. Bg5 Bf6 17. Be6+ Kg7 18. Qd2 Bxg5 19. Qxg5 Rf6 20. Bh3 Qh8 21. f4
exf4 22. Rxf4 Raf8 23. Raf1 Qh6 24. Qxh6+ Kxh6 25. Rxf6 Rxf6 26. Rxf6 exf6 27.
Kf2 a5 28. a3 g5 29. Bc8 b6 30. h3 Kg6 31. Ke3 g4 32. hxg4 hxg4 33. Bxg4 Kg5 34.
Bd7 Ne5 35. Be6 Ng4+ 36. Bxg4 Kxg4 37. Kf2 b5 38. Kg2 a4 39. Kf2 Kg5 40. Kf3
{Game drawn by mutual agreement} 1/2-1/2

[Event "Team 45 45 League T39"]
[Site "Internet Chess Club"]
[Date "2008.12.14"]
[Round "8"]
[White "GadsHill"]
[Black "charlo"]
[Result "0-1"]
[WhiteElo "1578"]
[BlackElo "1602"]
[Opening "King's Indian: 6.Be2"]
[ECO "E91"]
[Time "12:00:05"]
[TimeControl "2700+45"]

1. d4 Nf6 2. c4 g6 3. Nc3 Bg7 4. e4 d6 5. Nf3 O-O 6. Be2 a6 7. O-O Nbd7 8. Bg5
c5 9. d5 b6 10. Rb1 Qc7 11. Qd2 Re8 12. Rfd1 e6 13. dxe6 Rxe6 14. Nd5 Nxd5 15.
exd5 Re8 16. Re1 Nf6 17. Bd3 Bb7 18. Re2 Rxe2 19. Qxe2 Re8 20. Qd2 Bc8 21. h3
Ne4 22. Bxe4 Rxe4 23. Re1 Rxe1+ 24. Nxe1 f6 25. Bf4 Kf7 26. Nd3 g5 27. Bg3 Qe7
28. Qe3 h5 29. b3 h4 30. Bh2 Qxe3 31. fxe3 Ke7 32. Kf2 b5 33. e4 bxc4 34. bxc4
a5 35. Kf3 Ba6 36. Nb2 f5 37. Na4 Bxc4 38. Nb6 fxe4+ 39. Kxe4 Bxa2 40. Nc8+ Kd7
41. Nxd6 a4 42. Nb5 Bc4 43. Na3 Bf1 44. Kf5 Bb2 45. Nc2 Bd3+ 46. Kxg5 Bxc2 47.
Kxh4 a3 {White resigns} 0-1

[Event "Team 45 45 League T39"]
[Site "Internet Chess Club"]
[Date "2008.12.13"]
[Round "8"]
[White "BarryNL"]
[Black "musk6868"]
[Result "0-1"]
[WhiteElo "1478"]
[BlackElo "1560"]
[Opening "Ruy Lopez: Anderssen variation"]
[ECO "C77"]
[Time "05:33:59"]
[TimeControl "2700+45"]

1. e4 e5 2. Nf3 Nc6 3. Bb5 a6 4. Ba4 Nf6 5. d3 b5 6. Bb3 h6 7. c3 Bb7 8. O-O Be7
9. Be3 d6 10. Nbd2 O-O 11. d4 Nd7 12. a4 Na5 13. Bc2 Nc4 14. Nxc4 bxc4 15. d5 c6
16. dxc6 Bxc6 17. Nd2 d5 18. exd5 Bxd5 19. Be4 Bxe4 20. Nxe4 f5 21. Qd5+ Kh8 22.
Nc5 Nxc5 23. Qxc4 Nd3 24. Rad1 e4 25. Qa2 Bd6 26. g3 Rb8 27. b4 Qc7 28. a5 Qxc3
29. Qd2 Qxd2 30. Rxd2 {White resigns} 0-1

[Event "Team 45 45 League T39"]
[Site "Internet Chess Club"]
[Date "2008.12.13"]
[Round "8"]
[White "SATELLITE-DAN"]
[Black "forsyth"]
[Result "0-1"]
[WhiteElo "1508"]
[BlackElo "1472"]
[Opening "Caro-Kann: classical variation"]
[ECO "B18"]
[Time "20:00:29"]
[TimeControl "2700+45"]

1. e4 c6 2. d4 d5 3. Nc3 dxe4 4. Nxe4 Bf5 5. Bd3 e6 6. Nf3 Nd7 7. Bf4 Ngf6 8.
Nd6+ Bxd6 9. Bxd6 Qa5+ 10. c3 Bxd3 11. Qxd3 Qd5 12. Ba3 O-O-O 13. O-O h5 14.
Rfe1 h4 15. h3 Rh6 16. Ne5 Nxe5 17. Rxe5 Qd7 18. b4 Qd6 19. Ra5 a6 20. b5 Qd5
21. Bb4 Rg6 22. f3 cxb5 23. a4 Qc4 24. Qd2 Qd5 25. Qf2 Nh5 26. Qxh4 Ng3 27. Kh2
Qc4 28. axb5 Nf1+ 29. Kh1 Qe2 30. R5a2 Ng3+ 31. Kh2 Nf1+ 32. Kh1 Nd2 33. Rg1 Qe3
34. bxa6 Nxf3 35. axb7+ Kxb7 36. Qe7+ Kc6 37. Ra6+ Kd5 38. Qb7+ Kc4 39. Qc7+ Kd3
40. Qxf7 Qxg1# {White checkmated} 0-1

[Event "Team 45 45 League T39"]
[Site "Internet Chess Club"]
[Date "2008.12.14"]
[Round "8"]
[White "Ehab"]
[Black "rubo"]
[Result "0-1"]
[WhiteElo "1801"]
[BlackElo "1791"]
[Opening "Caro-Kann: advance variation"]
[ECO "B12"]
[Time "15:00:17"]
[TimeControl "2700+45"]

1. e4 c6 2. d4 d5 3. e5 Bf5 4. Ne2 e6 5. Ng3 Bg6 6. Nd2 c5 7. Bb5+ Nc6 8. c3
cxd4 9. cxd4 Ne7 10. O-O a6 11. Bxc6+ Nxc6 12. Nf3 Be7 13. a3 O-O 14. Be3 b5 15.
b4 Rc8 16. Qd2 Nb8 17. Rfc1 Rc4 18. Rc3 Nd7 19. Rxc4 bxc4 20. Ne1 Qb6 21. Ne2
Ra8 22. Nf4 a5 23. Nxg6 hxg6 24. Rb1 axb4 25. axb4 Qb5 26. Nc2 Ra2 27. Qc3 Qa4
28. Rb2 Ra1+ 29. Nxa1 Qd1+ {White resigns} 0-1

[Event "Team 45 45 League T39"]
[Site "Internet Chess Club"]
[Date "2008.12.14"]
[Round "8"]
[White "GamePlayer"]
[Black "Ghashgork"]
[Result "1/2-1/2"]
[WhiteElo "1700"]
[BlackElo "1690"]
[Opening "Pirc defense"]
[ECO "B07"]
[Time "15:00:08"]
[TimeControl "2700+45"]

1. e4 d6 2. d4 Nf6 3. Nc3 e5 4. dxe5 dxe5 5. Qxd8+ Kxd8 6. Bg5 Be6 7. O-O-O+ Bd6
8. Nb5 Ke7 9. Nxd6 cxd6 10. Ne2 Nd7 11. Nc3 h6 12. Be3 Ng4 13. Re1 Ndf6 14. h3
Nxe3 15. Rxe3 Rhc8 16. Be2 a6 17. Rd1 Rc7 18. a4 Rac8 19. h4 Nd7 20. g4 Nb8 21.
Rd2 g6 22. Red3 Rc6 23. a5 Nd7 24. Na4 Bc4 25. Rc3 Bxe2 26. Rxc6 bxc6 27. Rxe2
f5 28. gxf5 gxf5 29. exf5 Rf8 30. f4 Rxf5 31. fxe5 Rxe5 32. Kd2 Rxe2+ 33. Kxe2
Ne5 34. b4 Ng6 35. c4 Kd7 36. Nc3 Ne5 37. b5 Nxc4 38. bxa6 Kc7 39. Ne4 Nxa5 40.
Nxd6 Kb6 41. Nf5 h5 42. Ng7 Nc4 43. Nxh5 Ne5 44. Nf6 Ng6 45. a7 Kxa7 46. h5 Nf4+
47. Kd2 Nxh5 48. Nxh5 Kb6 49. Kc3 Kb5 {Game drawn by mutual agreement} 1/2-1/2

[Event "Team 45 45 League T39"]
[Site "Internet Chess Club"]
[Date "2008.12.14"]
[Round "8"]
[White "knight2f3"]
[Black "rayngrant"]
[Result "1/2-1/2"]
[WhiteElo "1522"]
[BlackElo "1477"]
[Opening "King's Indian: fianchetto without c4"]
[ECO "A49"]
[Time "08:09:04"]
[TimeControl "2700+45"]

1. d4 Nf6 2. Nf3 g6 3. g3 Bg7 4. Bg2 d5 5. O-O O-O 6. h3 c5 7. Be3 Ne4 8. Ne5
Nc6 9. Nxc6 bxc6 10. c4 Qb6 11. Nc3 cxd4 12. Na4 Qa5 13. cxd5 cxd5 14. Bxd4 e5
15. Be3 Rd8 16. Bc1 Bd7 17. b3 Bxa4 18. bxa4 Nc3 19. Bd2 Qxa4 20. Bxc3 Qc4 21.
Qd3 Rac8 22. Qxc4 Rxc4 23. Ba5 Rdc8 24. Rad1 d4 25. Rd3 Ra4 26. Bd2 Rxa2 27. Rc1
Rxc1+ 28. Bxc1 Rxe2 29. Bf1 Rc2 30. Ba3 Rc3 31. Rxc3 dxc3 32. Bd3 a5 33. Kf1 Bf8
34. Bxf8 Kxf8 35. Bc2 Ke7 36. Ke2 Kd6 37. Kd3 Kc5 38. Kxc3 f5 39. Kb3 Kd4 40.
Ka4 Kc3 41. Bd1 h6 42. Kxa5 g5 43. Bh5 Kd4 44. Kb4 e4 45. Be2 f4 46. gxf4 gxf4
47. h4 f3 48. Bd1 Kd3 49. Kc5 Kd2 50. Bb3 e3 51. fxe3 Kxe3 52. Bd5 f2 53. Bc4
Kf3 54. Kd4 h5 55. Bf1 Kf4 56. Kd3 Kf3 57. Kd2 Kg3 58. Ke3 Kxh4 59. Kxf2 Kg5
{Game drawn by mutual agreement} 1/2-1/2

[Event "Team 45 45 League T39"]
[Site "Internet Chess Club"]
[Date "2008.12.11"]
[Round "8"]
[White "albacore"]
[Black "Mutaant"]
[Result "0-1"]
[WhiteElo "1349"]
[BlackElo "1549"]
[Opening "Queen's pawn game"]
[ECO "D02"]
[Time "17:36:59"]
[TimeControl "2700+45"]

1. d4 d5 2. Nf3 Bf5 3. Bf4 Nf6 4. e3 a6 5. Be2 e6 6. Nh4 Bg6 7. Nxg6 hxg6 8. Bg5
Qd6 9. Bxf6 gxf6 10. g3 Qb4+ 11. Nd2 Qxb2 12. Rb1 Qxa2 13. Rxb7 Qa5 14. Qb1 Nc6
15. Rb2 Bb4 16. c3 Bxc3 17. Rc2 Rb8 18. Qc1 Bxd2+ 19. Rxd2 Rb6 20. O-O Kd7 21.
Qc2 Rhb8 22. Rc1 R8b7 23. Qd1 Rb2 24. Rxb2 Rxb2 25. Ra1 Ra2 26. Rxa2 Qxa2 27.
Qf1 Nb4 28. Kg2 a5 29. Bb5+ c6 30. Ba6 Qc2 31. Be2 Qc3 32. Qb1 a4 33. Bd1 a3 34.
Bb3 Kd6 35. Ba2 Nxa2 36. Qxa2 Qb2 {White resigns} 0-1

[Event "Team 45 45 League T39"]
[Site "Internet Chess Club"]
[Date "2008.12.12"]
[Round "8"]
[White "ShanghaiTom"]
[Black "Razorbackchess"]
[Result "1/2-1/2"]
[WhiteElo "1723"]
[BlackElo "1763"]
[Opening "Modern defense: Averbakh system"]
[ECO "E70"]
[Time "21:30:10"]
[TimeControl "2700+45"]

1. e4 g6 2. d4 Bg7 3. c4 d6 4. Nc3 Nf6 5. Be3 O-O 6. Qd2 Ng4 7. Bg5 f6 8. Bh4 c6
9. f3 Nh6 10. O-O-O Nf7 11. Kb1 a6 12. g4 Qa5 13. Be1 b5 14. Qc2 Qc7 15. cxb5
cxb5 16. Rc1 e6 17. Qd1 Qe7 18. h4 Bb7 19. d5 e5 20. Rh2 Nd7 21. h5 g5 22. Rhc2
Rfc8 23. Bf2 Bf8 24. a3 Qe8 25. b4 Be7 {Game drawn by mutual agreement} 1/2-1/2

[Event "Team 45 45 League T39"]
[Site "Internet Chess Club"]
[Date "2008.12.16"]
[Round "8"]
[White "sean98"]
[Black "clarinetref"]
[Result "1/2-1/2"]
[WhiteElo "1661"]
[BlackElo "1734"]
[Opening "Pirc: Austrian attack, dragon formation"]
[ECO "B07"]
[Time "14:39:31"]
[TimeControl "2700+45"]

1. e4 d6 2. d4 g6 3. Nc3 Bg7 4. f4 Nf6 5. Nf3 c5 6. Bb5+ Bd7 7. e5 Ng4 8. e6
fxe6 9. Ng5 Bxb5 10. Nxb5 Qa5+ 11. c3 Qxb5 12. Qxg4 cxd4 13. Nxe6 Qc4 14. Nxg7+
Kf7 15. Qe6+ Qxe6+ 16. Nxe6 Kxe6 17. cxd4 Nc6 18. Be3 Kd7 19. O-O Rhf8 20. a3
Na5 21. Rac1 Rac8 22. Rxc8 Rxc8 23. Rc1 Nc4 24. Rc3 Nxb2 25. Rb3 Nc4 26. Rxb7+
Rc7 27. Rxc7+ Kxc7 28. Bc1 Kc6 29. Kf2 Kd5 30. Kf3 Kxd4 31. Kg4 h6 32. f5 Ne5+
33. Kf4 g5+ 34. Kg3 Ke4 35. h3 Kxf5 36. Bb2 Nc4 37. Bc1 e5 38. Kf3 d5 39. g4+
Kg6 40. Ke2 h5 41. Kd3 hxg4 42. hxg4 Kf6 43. Kc3 Nd6 44. Kd3 Ne4 45. Ke3 Nc5 46.
Bb2 d4+ 47. Ke2 Ke6 48. Bc1 Ne4 49. Kf3 Kd5 50. Ke2 Nf6 51. Bxg5 Nxg4 52. Kf3
Ne3 53. Bxe3 dxe3 54. Kxe3 Kc4 55. Ke4 a5 56. Kxe5 Kb3 57. Kd4 a4 58. Kd3 Kxa3
59. Kc3 Ka2 60. Kc2 a3 61. Kc1 Ka1 62. Kc2 Ka2 63. Kc1 {Game drawn by mutual
agreement} 1/2-1/2

[Event "Team 45 45 League T39"]
[Site "Internet Chess Club"]
[Date "2008.12.15"]
[Round "8"]
[White "whiterook"]
[Black "kingphisch"]
[Result "1-0"]
[WhiteElo "1614"]
[BlackElo "1486"]
[Opening "Caro-Kann: anti-anti-Caro-Kann defense"]
[ECO "B10"]
[Time "14:06:35"]
[TimeControl "2700+45"]

1. e4 c6 2. c4 d5 3. cxd5 cxd5 4. exd5 Qxd5 5. Nc3 Qd6 6. d4 Nf6 7. g3 Nc6 8.
Nb5 Qd8 9. Bf4 Nd5 10. Qf3 Nxf4 11. Qxf4 Qa5+ 12. Qd2 Qxd2+ 13. Kxd2 Rb8 14. d5
a6 15. Nc7+ Kd8 16. Nxa6 bxa6 17. dxc6 Rxb2+ 18. Kc3 Rxf2 19. Nh3 Rf3+ 20. Kb4
e6+ 21. Kc4 Kc7 22. Bg2 Ra3 23. Rhf1 Ra4+ 24. Kb3 Rb4+ 25. Kc3 f6 26. Nf4 e5 27.
Nd5+ Kxc6 28. Nxb4+ Kb5 29. a4+ Ka5 30. Nc6+ {Black resigns} 1-0

[Event "Team 45 45 League T39"]
[Site "Internet Chess Club"]
[Date "2008.12.13"]
[Round "8"]
[White "peterdiplaros"]
[Black "Aquaman"]
[Result "1-0"]
[WhiteElo "1446"]
[BlackElo "1362"]
[Opening "Queen's pawn game"]
[ECO "D00"]
[Time "15:04:58"]
[TimeControl "2700+45"]

1. d4 d5 2. e3 e6 3. Bd3 c5 4. c3 Nc6 5. Nd2 Bd7 6. a3 Qb6 7. b4 cxd4 8. cxd4
Be7 9. Bb2 Nf6 10. f4 Nd8 11. Rb1 Bb5 12. Bc2 Bd7 13. Ngf3 Ng4 14. Qe2 Bb5 15.
Bd3 Bxd3 16. Qxd3 a6 17. h3 Nf6 18. O-O Nc6 19. Ne5 Na7 20. g4 Qb5 21. Qc2 Rc8
22. Qd1 Nc6 23. g5 Nd7 24. Nxd7 Kxd7 25. Nb3 Ke8 26. Nc5 Bxc5 27. dxc5 b6 28.
Bxg7 Rg8 29. Bd4 Ne7 30. cxb6 Nc6 31. a4 Qc4 32. b5 axb5 33. Rxb5 Qxa4 34. Qxa4
Kd8 35. b7 Rb8 36. Bf6+ Kc7 37. f5 exf5 38. Qf4+ Kd7 39. Qxf5+ Kd6 40. Rd1 Kc7
41. Qxd5 Rxb7 42. Qd7+ {Black resigns} 1-0

[Event "Team 45 45 League T39"]
[Site "Internet Chess Club"]
[Date "2008.12.11"]
[Round "8"]
[White "arconia"]
[Black "Traho"]
[Result "1-0"]
[WhiteElo "1323"]
[BlackElo "1271"]
[Opening "Caro-Kann defense"]
[ECO "B10"]
[Time "21:00:14"]
[TimeControl "2700+45"]

1. e4 c6 2. Nf3 d5 3. e5 Bg4 4. d4 h6 5. Be2 e6 6. O-O c5 7. c3 c4 8. b3 b5 9.
b4 Nc6 10. Nbd2 a5 11. h3 Bh5 12. Nh2 Bxe2 13. Qxe2 axb4 14. cxb4 Nxb4 15. f4
Nc2 16. Rb1 Nxd4 17. Qg4 Nf5 18. Ndf3 b4 19. g3 Bc5+ 20. Kh1 Rxa2 21. Nh4 h5 22.
Qf3 Nxh4 23. gxh4 g6 24. Be3 Ra3 25. Rbe1 Qb6 26. f5 Bxe3 27. fxg6 Ra7 28. gxf7+
Kf8 29. fxg8=Q+ Kxg8 30. Qf8+ Kh7 31. Qf3 Bc5 32. Qxh5+ Kg8 33. Qg6+ Rg7 34.
Qe8+ Kh7 35. Qh5+ Kg8 36. Qf3 Qd8 37. Ng4 Qf8 38. Nf6+ Qxf6 39. exf6 Rf7 40.
Qg3+ Kf8 41. Qb8# {Black checkmated} 1-0

[Event "Team 45 45 League T39"]
[Site "Internet Chess Club"]
[Date "2008.12.13"]
[Round "8"]
[White "Kingangyal"]
[Black "kidcobra"]
[Result "1/2-1/2"]
[WhiteElo "1300"]
[BlackElo "1251"]
[Opening "Queen's pawn, Mason variation"]
[ECO "D00"]
[Time "10:59:45"]
[TimeControl "2700+45"]

1. d4 d5 2. Bf4 c6 3. e3 Nf6 4. Nf3 Bg4 5. h3 Bh5 6. c4 e6 7. Qb3 Qa5+ 8. Nc3
Qb4 9. Nd2 Ne4 10. Ndxe4 dxe4 11. c5 Qxb3 12. axb3 Bg6 13. Be2 Be7 14. O-O O-O
15. b4 Nd7 16. b5 cxb5 17. Bxb5 Nf6 18. Bc4 Rad8 19. Rxa7 Rc8 20. Rxb7 Rfe8 21.
Ra1 Kf8 22. Raa7 Ng8 23. Bb5 Red8 24. Bc7 Rxc7 25. Rxc7 Rb8 26. Rcb7 Rc8 27. c6
Bd6 28. c7 Bxc7 29. Rxc7 Rb8 30. Bc6 Nf6 31. d5 Bh5 32. d6 Bg4 33. hxg4 Nxg4 34.
d7 Ke7 35. d8=Q+ Kxd8 36. Rd7+ Ke8 37. Re7+ Kf8 38. Rxf7+ Kg8 39. Rxg7+ Kh8 40.
Rxh7+ Kg8 41. Rhg7+ Kh8 42. Rxg4 e5 43. Bxe4 Rb5 44. Ra6 Rb6 45. Rxb6 {Black
stalemated} 1/2-1/2

[Event "Team 45 45 League T39"]
[Site "Internet Chess Club"]
[Date "2008.12.13"]
[Round "8"]
[White "Duck-Man"]
[Black "kingsrook"]
[Result "0-1"]
[WhiteElo "1186"]
[BlackElo "1243"]
[Opening "Caro-Kann: classical variation"]
[ECO "B18"]
[Time "17:09:38"]
[TimeControl "2700+45"]

1. e4 c6 2. d4 d5 3. Nc3 dxe4 4. Nxe4 Bf5 5. Nc3 e6 6. Nf3 Nd7 7. Be2 Ngf6 8.
Bg5 Be7 9. O-O O-O 10. Qd2 Re8 11. Rad1 Rc8 12. Bd3 Bxd3 13. Qxd3 Qc7 14. Rfe1
c5 15. Ne4 Nxe4 16. Qxe4 Nf6 17. Bxf6 Bxf6 18. c3 cxd4 19. Nxd4 Qb6 20. Rb1 Rc4
21. Red1 Rd8 22. Rd2 e5 23. Re1 h6 24. Qe3 exd4 25. Qd3 Rcc8 26. Re4 dxc3 27.
bxc3 Rxd3 28. Rxd3 Qb1+ {White resigns} 0-1

[Event "Team 45 45 League T39"]
[Site "Internet Chess Club"]
[Date "2008.12.14"]
[Round "8"]
[White "Esslinger"]
[Black "bowwrestler"]
[Result "1-0"]
[WhiteElo "1230"]
[BlackElo "980"]
[Opening "QGD: Tarrasch, von Hennig-Schara gambit"]
[ECO "D32"]
[Time "17:06:54"]
[TimeControl "2700+45"]

1. d4 d5 2. c4 e6 3. Nc3 c5 4. cxd5 cxd4 5. Qxd4 Nc6 6. Qd1 exd5 7. Nxd5 Be6 8.
e4 Nge7 9. Bc4 Qd6 10. Bf4 Ne5 11. Nf6+ gxf6 12. Qxd6 Nxc4 13. Qc7 Rc8 14. Qxb7
Ng6 15. Ne2 Nb6 16. Bd2 Rc2 17. Bc3 Be7 18. Nd4 Rxc3 19. bxc3 Bc4 20. Qb8+ Kd7
21. Qxa7+ Ke8 22. Qxb6 Nf4 23. Qb8+ Bd8 24. Qxf4 Rg8 25. O-O-O Bxa2 26. Nc6 Be7
27. Qb8+ Bd8 28. Qxd8# {Black checkmated} 1-0

[Event "Team 45 45 League T39"]
[Site "Internet Chess Club"]
[Date "2008.12.15"]
[Round "8"]
[White "Uwak"]
[Black "specialxtr"]
[Result "1-0"]
[WhiteElo "2340"]
[BlackElo "2436"]
[Opening "Sicilian: Smith-Morra gambit"]
[ECO "B21"]
[Time "21:02:24"]
[TimeControl "2700+45"]

1. e4 c5 2. d4 cxd4 3. c3 dxc3 4. Nxc3 d6 5. Nf3 Nc6 6. Bc4 e6 7. O-O Nf6 8. Qe2
a6 9. Rd1 Qc7 10. Bf4 b5 11. Bb3 Bb7 12. Rac1 Rd8 13. a4 b4 14. Nd5 Qa5 15. Nd4
Nxd4 16. Nxf6+ gxf6 17. Rxd4 Rd7 18. Rdc4 Rg8 19. g3 Rg6 20. Bd2 Bh6 21. Bxb4
Qd8 22. Bd2 Bxd2 23. Qxd2 a5 24. Bc2 Rg5 25. Bd3 Kf8 26. R4c2 Kg7 27. Bb5 Re7
28. Qe3 d5 29. Rd1 Qd6 30. f4 Rh5 31. Qc5 Qxc5+ 32. Rxc5 Rh6 33. exd5 Bxd5 34.
Rd4 Bf3 35. Rdc4 Rh5 36. Rxh5 Bxh5 37. Kf2 Bg6 38. Rc5 Bf5 39. b3 Ra7 40. Ke3
Ra8 41. Kd2 Rd8+ 42. Kc3 Rd1 43. b4 axb4+ 44. Kxb4 Be4 45. Rc3 Rd2 46. a5 Rb2+
47. Kc5 Rxh2 48. Kb6 Ra2 49. Rc4 f5 50. a6 Bf3 51. Ra4 Rb2 52. a7 Kf6 53. Rc4
Rb3 54. Rc6 Bxc6 55. Kxc6 Ra3 56. Kb7 Rxa7+ 57. Kxa7 Ke7 58. Kb6 Kd6 59. Bc6 e5
60. Kb5 f6 61. Bb7 Kc7 62. Ba8 Kd7 63. Kc5 Ke6 64. Bd5+ Ke7 65. Kc6 h6 66. Bc4
e4 67. Kd5 Kf8 68. Ke6 Kg7 69. Kxf5 {Black resigns} 1-0

[Event "Team 45 45 League T39"]
[Site "Internet Chess Club"]
[Date "2008.12.16"]
[Round "8"]
[White "freestyle"]
[Black "searchforbobby1"]
[Result "1-0"]
[WhiteElo "2254"]
[BlackElo "2150"]
[Opening "Sicilian: Pelikan, Chelyabinsk variation"]
[ECO "B33"]
[Time "20:35:35"]
[TimeControl "2700+45"]

1. e4 c5 2. Nf3 Nc6 3. d4 cxd4 4. Nxd4 Nf6 5. Nc3 e5 6. Ndb5 d6 7. Bg5 a6 8. Na3
b5 9. Nd5 Be7 10. Bxf6 Bxf6 11. c4 b4 12. Nc2 a5 13. g3 O-O 14. Bg2 Be6 15. O-O
Bg5 16. f4 Bf6 17. Nxf6+ Qxf6 18. b3 Qd8 19. f5 Bc8 20. Ne3 Nd4 21. f6 Be6 22.
Qh5 gxf6 23. Nd5 Bxd5 24. exd5 f5 25. Bh3 Qf6 26. Bxf5 Qg7 27. Rae1 Nxf5 28.
Qxf5 Qg6 29. c5 Qxf5 30. Rxf5 f6 31. c6 Kf7 32. Ref1 Ke7 33. Kg2 a4 34. Rh5 Rf7
35. Rh4 axb3 36. axb3 Rb8 37. Ra1 Kd8 38. Ra4 Kc8 39. Rhxb4 Rxb4 40. Rxb4 Ra7
41. Ra4 Rg7 42. Ra8+ {Black resigns} 1-0

[Event "Team 45 45 League T39"]
[Site "Internet Chess Club"]
[Date "2008.12.14"]
[Round "8"]
[White "keisher415"]
[Black "fllinc"]
[Result "1/2-1/2"]
[WhiteElo "2011"]
[BlackElo "2056"]
[Opening "Sicilian: Najdorf, 7...Be7 main line"]
[ECO "B99"]
[Time "17:53:36"]
[TimeControl "2700+45"]

1. e4 c5 2. Nf3 d6 3. d4 cxd4 4. Nxd4 Nf6 5. Nc3 a6 6. Bg5 e6 7. f4 Be7 8. Qf3
Qc7 9. O-O-O Nbd7 10. g4 b5 11. Bxf6 Bxf6 12. Bxb5 Rb8 13. Ba4 O-O 14. Bb3 Nc5
15. g5 Bxd4 16. Rxd4 Bb7 17. Rhd1 Rfd8 18. h4 a5 19. h5 Bc6 20. Qh3 Rb4 21. g6
Rxd4 22. Rxd4 {Game drawn by mutual agreement} 1/2-1/2